 Dungeon Crawl Stone Soup version 0.31-a0-702-gf82c85558f (webtiles) character file.

Game seed: 4230382426813505765

217 Essalna the Conjurer (level 5, -2/35 HPs)
             Began as a Demonspawn Conjurer on Sept 8, 2023.
             Slain by a human zombie (5 damage)
             ... in an ossuary.
             The game lasted 00:06:48 (4089 turns).

Essalna the Conjurer (Demonspawn Conjurer)          Turns: 4089, Time: 00:06:48

Health: -2/35      AC:  4    Str:  7    XL:     5   Next: 62%
Magic:  5/10       EV: 11    Int: 22    God:
Gold:   125        SH:  0    Dex: 11    Spells: 8/11 levels left

rFire   . . .        i - +1 dagger (venom)
rCold   . . .        (no shield)
rNeg    . . .        n - +0 troll leather armour
rPois   .            q - +0 helmet
rElec   .            (no cloak)
rCorr   +            (no gloves)
SInv    .            (no boots)
Will    .....        (no amulet)
Stlth   +            h - ring of flight
HPRegen 1.05/turn    r - ring of resist corrosion
MPRegen 0.12/turn

%: no passive effects
@: brilliant, flying
A: powered by death 1, demonic touch 1
a: no special abilities


You were in an ossuary.
You visited 1 branch of the dungeon, and saw 4 of its levels.
You also visited: Ossuary.

You collected 125 gold pieces.

Inventory:

Hand Weapons
 e - a +0 short sword
 i - a +1 dagger of venom (weapon)
Armour
 a - a +0 robe
 n - a +0 troll leather armour (worn)
 q - a +0 helmet (worn)
Jewellery
 h - a ring of flight (left hand)
 r - a ring of resist corrosion (right hand)
Wands
 c - a wand of paralysis (9)
 m - a wand of polymorph (6)
Scrolls
 f - a scroll of fog {unknown}
 g - a scroll of blinking
 j - 2 scrolls of teleportation
 o - a scroll of noise {unknown}
 p - 3 scrolls of identify
Potions
 d - a potion of brilliance
 k - 2 potions of curing {unknown}
 l - 2 potions of heal wounds {unknown}
 s - a potion of berserk rage {unknown}


   Skills:
 + Level 1.8 Armour
 - Level 1.7 Dodging
 - Level 1.7 Stealth
 + Level 3.8 Spellcasting
 + Level 5.4 Conjurations


You had 8 spell levels left.
You knew the following spells:

 Your Spells              Type           Power      Damage    Failure   Level
a - Magic Dart            Conj           100%       1d8       1%          1
b - Searing Ray           Conj           84%        2d7       2%          2

Your spell library contained the following spells:

 Spells                   Type           Power      Damage    Failure   Level
 Apportation              Tloc           12%        N/A       17%         1
 Necrotise                Necr           24%        1d5       17%         1
 Summon Small Mammal      Summ           24%        N/A       17%         1
 Dazzling Flash           Conj/Hex       48%        N/A       17%         3
 Fulminant Prism          Conj/Hex       12%        3d8       50%         4
 Iskenderun's Mystic Bla  Conj/Tloc      24%        2d7       50%         4


Dungeon Overview and Level Annotations

Branches:
Dungeon (4/15)            Ossuary (1/1)
 Temple: D:4-7

Altars:
Dithmenos
Gozag
Yredelemnul


Innate Abilities, Weirdness & Mutations

You regenerate a little health from kills.
Your touch may inflict minor irresistible damage on your foes.


Message History

The searing ray misses the human zombie.
The jackal zombie barely misses you. x2; The goblin zombie barely misses you.
The kobold zombie hits you but does no damage.
The human zombie hits you but does no damage.
The kobold zombie barely misses you. The human zombie misses you.
The elf zombie hits you. x2
* * * LOW HITPOINT WARNING * * *
The searing ray hits the elf zombie!
The elf zombie is heavily damaged.
The searing ray hits the human zombie.
The human zombie is heavily damaged.
You finish channelling your searing ray.
The jackal zombie barely misses you.
Casting: Searing Ray (safe; 2% risk of failure)
Confirm with . or Enter, or press ? or * to list all spells.
Aiming: Searing Ray (safe; 2% risk of failure)
Press: ? - help, Shift-Dir - straight line, f/p - elf zombie
Aim: an elf zombie (heavily damaged, 82% to hit)
You feel a surge of power!
The searing ray hits the elf zombie!
The elf zombie is almost destroyed.
The searing ray misses the human zombie. (Press . to maintain the ray.)
The human zombie hits you.
* * * LOW HITPOINT WARNING * * *
The goblin zombie hits you but does no damage.
The elf zombie hits you.
* * * LOW HITPOINT WARNING * * *
The elf zombie barely misses you. The human zombie hits you.
* * * LOW HITPOINT WARNING * * *
The kobold zombie misses you.
The kobold zombie hits you but does no damage.
The jackal zombie bites you but does no damage.
The searing ray misses the elf zombie.
The searing ray hits the human zombie!
The human zombie is severely damaged.
The jackal zombie bites you but does no damage.
The kobold zombie closely misses you. The goblin zombie barely misses you.
The kobold zombie closely misses you.
The elf zombie hits you but does no damage.
The human zombie hits you.
You die...

...............
...............
...............
...............
...............
.......Z.......
......ZZZ......
.....ZZ@Z......
......ZZZ......
.......Z.......
...............
...............
...............
...............
...............


You could see a jackal zombie, 2 goblin zombies, 3 kobold zombies, 2 elf zombies
and 3 human zombies.

Vanquished Creatures
  A sleepcap (D:4)
  A mummy (D:4)
  Robin (D:3)
  4 adders
  4 gnolls (D:4)
  A worm (D:3)
  A dart slug (D:1)
  6 bats
  5 endoplasms
  2 giant cockroaches (D:1)
  16 goblins
  8 hobgoblins
  3 jackals (D:3)
  8 kobolds
  4 quokkas
  6 ball pythons
  3 frilled lizards (D:2)
  A goblin zombie (D:4)
  A jackal zombie (Ossuary)
  6 rats
  A spectral orc (D:3)
83 creatures vanquished.

Notes
Turn   | Place    | Note
-------+----------+-------------------------------------------
     0 | D:1      | Essalna the Demonspawn Conjurer began the quest for the
                  | Orb.
     0 | D:1      | Reached XP level 1. HP: 13/13 MP: 3/3
   325 | D:1      | Gained mutation: You regenerate a little health from kills.
                  | [demonic ancestry]
   325 | D:1      | Reached XP level 2. HP: 19/19 MP: 1/5
   595 | D:1      | Learned a level 2 spell: Searing Ray
  1038 | D:1      | Reached XP level 3. HP: 24/24 MP: 5/7
  1065 | D:1      | Found a faded altar of an unknown god.
  1067 | D:1      | Found the +5 robe of Misfortune {Harm *Corrode *Slow EV+5}
  1998 | D:2      | Reached XP level 4. HP: 30/30 MP: 6/8
  2086 | D:2      | Found an opulent altar of Gozag.
  2771 | D:3      | Reached skill level 5 in Conjurations
  3423 | D:3      | Noticed Robin
  3430 | D:3      | Killed Robin
  3514 | D:3      | Found a shadowy altar of Dithmenos.
  3682 | D:3      | Found a basalt altar of Yredelemnul.
  3919 | D:4      | Reached skill level 1 in Armour
  3946 | D:4      | Gained mutation: Your touch may inflict minor irresistible
                  | damage on your foes. [demonic ancestry]
  3946 | D:4      | Reached XP level 5. HP: 32/35 MP: 3/10
  4066 | D:4      | Found a sand-covered staircase.
  4076 | Ossuary  | Entered an ossuary
  4089 | Ossuary  | Slain by a human zombie

Illustrated notes

Levels and vault maps discovered:
D:1:      scummos_arrival_gate, layout_basic,
          hellmonk_ecumenical_altar_lost_god, corner_web_ring,
          corexii_item_surrounded_by_moat
D:2:      layout_loops_ring, basic_altar
D:3:      layout_basic, yredelemnul_forgotten_temple_becter,
          nicolae_dithmenos_through_a_glass_darkly, minivault_5,
          grunt_ministairs_14, uniq_robin
D:4:      layout_cave_pods, overflow_temple_1_default,
          mainiacjoe_overflow_swirl, mainiacjoe_overflow_surrounded_room,
          nicolae_ossuary_entry_giza
Ossuary:  ossuary_minmay_tomb_2a

Skill      XL: |  1  2  3  4 |
---------------+-------------+-----
Spellcasting   | 3 |  3.8
Conjurations   | 5 |  5.4
Armour         | 1 |  1.8
Dodging        | |  1.7
Stealth        | |  1.7

Action                     |  1- 3 |  4- 6 || total
---------------------------+-------+-------++-------
  Melee: Unarmed           |     1 |       ||     1
         Dagger            |       |    39 ||    39
         Touch             |       |     2 ||     2
   Cast: Magic Dart        |    78 |    58 ||   136
         Searing Ray       |       |     6 ||     6
    Use: Scroll            |     5 |     1 ||     6
         Potion            |       |     2 ||     2
 Armour: Robe              |     1 |       ||     1
         Troll leather arm |       |    47 ||    47
  Dodge: Dodged            |     4 |    43 ||    47

Table legend: (Time is in decaauts)
 A = Elapsed time spent in this place.
 B = Non-inter-level travel time spent in this place.
 C = Inter-level travel time spent in this place.
 D = Time resting spent in this place.
 E = Time spent auto-exploring this place.
 F = Levels seen in this place.
 G = Mean time per level.
                   A        B        C        D        E       F      G
               +--------+--------+--------+--------+--------+-----+--------+
         Total |   4098 |   3846 |    252 |     27 |   3356 |   5 |  819.6 |
       Dungeon |   4085 |   3833 |    252 |     27 |   3356 |   4 | 1021.2 |
       Ossuary |     12 |     12 |      0 |      0 |      0 |   1 |   12.0 |
               +--------+--------+--------+--------+--------+-----+--------+

Top non-repeatable levels by time:
     D:3: 1552 daAuts
     D:1: 1380 daAuts
     D:2: 973 daAuts
     D:4: 178 daAuts
 Ossuary: 12 daAuts
